 Dungeon Crawl Stone Soup version 0.30.1-3-gfc49f6343a (webtiles) character file.

Game seed: 4220262603398271443

145 BillyBaka the Conjurer (level 5, -1/29 HPs)
             Began as a Tengu Conjurer on July 19, 2023.
             Succumbed to an orc wizard's poison
             ... on level 3 of the Dungeon.
             The game lasted 00:09:43 (2607 turns).

BillyBaka the Conjurer (Tengu Conjurer)             Turns: 2607, Time: 00:09:45

Health: -1/29      AC:  2    Str:  7    XL:     5   Next: 27%
Magic:  1/9        EV: 15    Int: 20    God:
Gold:   124        SH:  0    Dex: 13    Spells: 8/9 levels left

rFire   . . .        k - +0 scimitar
rCold   . . .        (no shield)
rNeg    . . .        a - +0 robe
rPois   .            (helmet restricted)
rElec   .            (no cloak)
rCorr   .            (no gloves)
SInv    .            (boots unavailable)
Will    .....        (no amulet)
Stlth   ++           (no ring)
HPRegen 0.24/turn    (no ring)
MPRegen 0.11/turn

%: no passive effects
@: brilliant, lethally poisoned (-1 -> -10), flying quickly and evasively, quick
A: beak, talons 3, nimble flight
a: no special abilities


You were on level 3 of the Dungeon.
You visited 1 branch of the dungeon, and saw 3 of its levels.

You collected 124 gold pieces.

Inventory:

Hand Weapons
 k - a +0 scimitar (weapon)
Missiles
 o - 4 datura-tipped darts
Armour
 a - a +0 robe (worn)
Scrolls
 c - a scroll of immolation {unknown}
 f - a scroll of blinking {unknown}
 g - a scroll of noise {unknown}
 h - 2 scrolls of enchant armour {unknown}
 i - a scroll of magic mapping {unknown}
 m - a scroll of identify {unknown}
Potions
 b - a potion of magic
 d - a potion of cancellation {unknown}
 e - a potion of haste {unknown}
 l - a potion of invisibility {unknown}
 n - a potion of flight {unknown}


   Skills:
 + Level 1.5 Fighting
 + Level 0.9 Long Blades
 + Level 1.7 Armour
 + Level 3.1 Dodging
 + Level 2.7 Stealth
 + Level 2.5 Spellcasting
 + Level 5.8 Conjurations
 + Level 0.4 Hexes


You had 8 spell levels left.
You knew the following spells:

 Your Spells              Type           Power      Damage    Failure   Level
a - Magic Dart            Conj           100%       1d8       1%          1

Your spell library contained the following spells:

 Spells                   Type           Power      Damage    Failure   Level
 Searing Ray              Conj           76%        2d7       1%          2
 Dazzling Flash           Conj/Hex       44%        N/A       12%         3
 Fulminant Prism          Conj/Hex       11%        3d9       38%         4
 Iskenderun's Mystic Bla  Conj/Tloc      21%        2d6       41%         4


Dungeon Overview and Level Annotations

Branches:
Dungeon (3/15)

Altars:


Innate Abilities, Weirdness & Mutations

You have a beak for a mouth.
You have claws for feet.
Your magical nature lets you fly swiftly and evasively.


Message History

Aim: an orc wizard, wielding a +2 dagger of venom and wearing a +0 robe (100% to hit)
The magic dart hits the orc wizard.
The orc wizard is moderately wounded.
The orc wizard gestures at you while chanting.
You resist with some effort.
Casting: Magic Dart (safe; 1% risk of failure)
Confirm with . or Enter, or press ? or * to list all spells.
Aiming: Magic Dart (safe; 1% risk of failure)
Press: ? - help, Shift-Dir - straight line, f/p - orc wizard
Aim: an orc wizard, wielding a +2 dagger of venom and wearing a +0 robe (moderately wounded, 100% to hit)
The magic dart hits the orc wizard!
The orc wizard is severely wounded.
Unknown command.
You closely miss the orc wizard. Your kick misses the orc wizard.
The orc wizard is severely wounded.
The orc wizard hits you with a +2 dagger of venom.
You are poisoned.
You closely miss the orc wizard. Your kick misses the orc wizard.
The orc wizard is severely wounded.
You feel very sick.
A hobgoblin comes into view.
The orc wizard gestures wildly while chanting.
The orc wizard flickers and vanishes!
Deactivating autopickup; reactivate with Ctrl-A.
You closely miss something.
You feel sick. Something hits you.
You are more poisoned.
You hear some strange, mumbled words.
A magic dart appears from out of thin air!
The magic dart hits you.
You barely miss something. Your kick misses something.
Your punch misses something.
* * * LOW HITPOINT WARNING * * *
You feel very sick.
You hear some strange, mumbled words.
A puff of flame appears from out of thin air!
The puff of flame hits you!
* * * LOW HITPOINT WARNING * * *
It was a potion of brilliance.
You feel clever all of a sudden.
You die...

#.. #.
#...####.#################
#..o.)$#.#.......<........
#.#.#.###..#########.
#.#...# #..# #.
#####)##..# #..# #.
...#.#...# #..##### #.
#.##.#.#...###......# #.
#..†.).g{@..........# ##
#..#.#.#######......#
#........ ....#####
...o.###.........# ###...
.#####.### ..... .# ..
....## .# ##. ...^ .# #.


You could see a hobgoblin.

Vanquished Creatures
  An orc priest (D:3)
  An orc wizard (D:3)
  4 adders (D:2)
  A worm (D:2)
  A dart slug (D:2)
  2 orcs (D:3)
  7 endoplasms
  4 giant cockroaches
  4 goblins
  3 hobgoblins
  4 jackals (D:1)
  A quokka (D:2)
  3 ball pythons (D:2)
  2 bats (D:2)
  3 frilled lizards
  4 kobolds
  4 rats
49 creatures vanquished.

Notes
Turn   | Place    | Note
-------+----------+-------------------------------------------
     0 | D:1      | BillyBaka the Tengu Conjurer began the quest for the Orb.
     0 | D:1      | Reached XP level 1. HP: 10/10 MP: 4/4
   308 | D:1      | Reached XP level 2. HP: 15/15 MP: 1/6
  1039 | D:2      | Reached skill level 1 in Armour
  1039 | D:2      | Reached XP level 3. HP: 20/20 MP: 1/7
  1433 | D:2      | Reached skill level 1 in Fighting
  1564 | D:2      | Reached XP level 4. HP: 25/25 MP: 4/8
  2585 | D:3      | Gained mutation: Your magical nature lets you fly swiftly
                  | and evasively. [Tengu growth]
  2585 | D:3      | Reached XP level 5. HP: 28/29 MP: 1/9
  2606 | D:3      | HP: 1/29 [something/puff of flame (7)]
  2607 | D:3      | Succumbed to an orc wizard's poison

Illustrated notes

Levels and vault maps discovered:
D:1:      lightli_arrival_boilingwater, layout_loops_cross, roderic_lattice_a
D:2:      layout_loops_corners, minmay_randomly_rotated_circles
D:3:      layout_basic, chequers_serial_rivers_small_b, uniq_grinder

Skill      XL: |  1  2  3  4 |
---------------+-------------+-----
Armour         | 1 |  1.7
Fighting       | 1 |  1.5
Dodging        | 3 |  3.1
Long Blades    | |  0.9
Stealth        | |  2.7
Spellcasting   | |  2.5
Conjurations   | |  5.8
Hexes          | |  0.4

Action                     |  1- 3 |  4- 6 || total
---------------------------+-------+-------++-------
  Melee: Scimitar          |       |    18 ||    18
         Kick              |       |     6 ||     6
   Cast: Magic Dart        |    66 |    44 ||   110
    Use: Potion            |       |     1 ||     1
 Armour: Robe              |       |     2 ||     2
  Dodge: Dodged            |     1 |    11 ||    12
